 Dungeon Crawl Stone Soup version 0.30-a0-739-gea05faddec (webtiles) character file.

Game seed: 349114295809262039

3485 PriceMaster the Changer (level 10, -12/63 HPs)
             Began as an Octopode Transmuter on Feb 4, 2023.
             Was an Initiate of Uskayaw.
             Killed from afar by a rime drake (16 damage)
             ... with an icy flash freeze
             ... on level 10 of the Dungeon.
             The game lasted 00:40:50 (10050 turns).

PriceMaster the Changer (Octopode Transmuter)      Turns: 10050, Time: 00:40:50

Health: -12/63     AC:  1    Str: 11    XL:     10   Next: 7%
Magic:  0/19       EV: 15    Int: 18    God:    Uskayaw [......]
Gold:   499        SH:  0    Dex: 18    Spells: 13/21 levels left

rFire   . . .      SeeInvis .    D - +1 war axe of Qazlal's Approval {distort, +Blink Int+3 Dex+2}
rCold   x . .      Faith    .    p - orb {*Rage}
rNeg    + . .      Spirit   +    (helmet currently unavailable)
rPois   .          Reflect  .    d - amulet of guardian spirit
rElec   .          Harm     .    t - ring of positive energy
rCorr   .          Rampage  .    (no ring)
Will    .....      Rage     20%  (no ring)
Stlth   +++++                    (no ring)
HPRegen 0.30/turn                (no ring)
MPRegen 0.16/turn                (no ring)
                                 (no ring)
                                 (no ring)

@: appendages (expiring), wereblooded, studying Ranged Weapons
A: tentacle spike 3, almost no armour, amphibious, 8 rings, camouflage 1,
gelatinous body 1, (nimble swimmer 1), tentacles, cold vulnerability 1
a: End Transformation, Renounce Religion, Evoke Blink


You were on level 10 of the Dungeon.
You worshipped Uskayaw.
Uskayaw was noncommittal.
One of your tentacles had grown a beastly spike.
You visited 2 branches of the dungeon, and saw 10 of its levels.
You also visited: Sewer.

You collected 499 gold pieces.

Inventory:

Hand Weapons
 c - a +1 short sword of protection
 l - a +1 spear of electrocution
 u - a +3 quarterstaff of chaos
 D - the +1 war axe of Qazlal's Approval (weapon) {distort, +Blink Int+3 Dex+2}
   (You found it on level 6 of the Dungeon)

   Int:       It affects your intelligence (+3).
   Dex:       It affects your dexterity (+2).
   +Blink:    It lets you blink.
Missiles
 a - 3 throwing nets
Armour
 e - a +1 cloak
 p - an orb of wrath (worn)
 x - an orb of mayhem
Jewellery
 d - an amulet of guardian spirit (around mantle)
 t - a ring of positive energy (left tentacle)
 z - an amulet of regeneration
Wands
 h - a wand of polymorph (13)
Scrolls
 g - 4 scrolls of magic mapping
 i - 2 scrolls of teleportation
 j - 3 scrolls of enchant armour
 k - 2 scrolls of blinking
 m - 2 scrolls of vulnerability
 n - 2 scrolls of fear
 q - 2 scrolls of amnesia
 s - a scroll of identify
 y - 2 scrolls of immolation
 E - a scroll of poison
Potions
 b - a potion of lignification
 f - 2 potions of magic
 o - 2 potions of attraction
 r - 4 potions of berserk rage
 v - 2 potions of brilliance {unknown}
 w - 2 potions of flight
 B - a potion of experience {unknown}


   Skills:
 * Level 4.1 Fighting
 + Level 2.2 Short Blades
 * Level 4.4(5.3) Axes
 - Level 4.5(5.4) Polearms
 + Level 3.9 Dodging
 + Level 6.4 Stealth
 + Level 4.0 Unarmed Combat
 + Level 6.4 Spellcasting
 + Level 6.5 Transmutations
 + Level 1.4 Poison Magic


You had 13 spell levels left.
You knew the following spells:

 Your Spells              Type           Power      Damage    Failure   Level
a - Beastly Appendage     Tmut           58%        N/A       1%          1
b - Wereblood             Tmut           29%        N/A       1%          2
c - Passwall              Tmut/Erth      14%        N/A       4%          2
d - Spider Form           Tmut/Pois      20%        N/A       7%          3

Your spell library contained the following spells:

 Spells                   Type           Power      Damage    Failure   Level
 Apportation              Tloc           10%        N/A       12%         1
 Freeze                   Ice            20%        1d4       12%         1
 Magic Dart               Conj           20%        1d4       12%         1
 Necrotise                Necr           20%        1d5       12%         1
 Summon Small Mammal      Summ           20%        N/A       12%         1
 Poisonous Vapours        Pois/Air       16%        N/A       13%         2
 Cigotuvi's Dreadful Rot  Necr/Pois/Air  14%        N/A       14%         2
 Call Imp                 Summ           5%         N/A       17%         2
 Ensorcelled Hibernation  Hex/Ice        10%        N/A       17%         2
 Mephitic Cloud           Conj/Pois/Air  7%         N/A       28%         3
 Ice Form                 Ice/Tmut       17%        N/A       30%         4
 Frozen Ramparts          Ice            10%        1d2       34%         3
 Hailstorm                Conj/Ice       5%         3d4       34%         3
 Swiftness                Air            5%         N/A       34%         3
 Vampiric Draining        Necr           5%         2d6       34%         3
 Agony                    Necr           5%         N/A       97%         5


Dungeon Overview and Level Annotations

Branches:
Dungeon (8/15)             Temple (1/1) D:4           Sewer (visited)
   Lair: D:8-11

Altars:
Ashenzari
Cheibriados
Dithmenos
Elyvilon
Hepliaklqana
Kikubaaqudgha
Makhleb
Nemelex Xobeh
Okawaru
Qazlal
Ru
Sif Muna
Trog
Uskayaw
Vehumet
Wu Jian
Xom
Yredelemnul
Zin
The Shining One

Shops:
D:6 (


Innate Abilities, Weirdness & Mutations

One of your tentacles has grown a beastly spike.
You cannot wear most types of armour.
You are amphibious.
You can wear up to eight rings at the same time.
Your skin changes colour to match your surroundings (Stealth+).
Your rubbery body absorbs attacks. (AC +1, EV +1)
((You are camouflaged when in or above water. (Stealth+)))
You have tentacles for arms and can constrict up to eight enemies at once.
You are vulnerable to cold. (rC-)


Message History

Okay, then.
You completely miss the troll. You squeeze the troll.
The troll is lightly wounded.
The troll bites you. The troll claws you!
* * * LOW HITPOINT WARNING * * *
The troll barely misses you.
You stomp with the beat, sending a shockwave through the revellers around you!
The troll is moderately wounded.
You can no longer stomp with the beat.
The troll bites you!
* * * LOW HITPOINT WARNING * * *
The troll closely misses you. The troll claws you!
* * * LOW HITPOINT WARNING * * *
Blink to where?
Press: ? - help, Dir - move target
As you read the scroll of blinking, it crumbles to dust.
Okay, then.
Casting: Wereblood (safe; 1% risk of failure)
Confirm with . or Enter, or press ? or * to list all spells.
Okay, then.
Aiming: Polymorph
Press: ? - help, Shift-Dir - straight line, f - troll
Aim: a troll (translocational energy, moderately wounded, will become a meliai, a black bear, or a cane toad, chance to affect: 49%)
The troll resists with some effort.
Your transformation is almost over.
Aiming: Polymorph
Press: ? - help, Shift-Dir - straight line, f/p - troll
Aim: a troll (moderately wounded, will become a meliai, a black bear, or a cane toad, chance to affect: 49%)
The troll evaporates and reforms as a black bear!
Aiming: Polymorph
Press: ? - help, Shift-Dir - straight line, f/p - black bear
Aim: a black bear (will become a blink frog, a sky beast, or a rime drake, chance to affect: 49%)
The black bear resists with some effort.
Aiming: Polymorph
Press: ? - help, Shift-Dir - straight line, f/p - black bear
Aim: a black bear (will become a blink frog, a sky beast, or a rime drake, chance to affect: 49%)
The black bear evaporates and reforms as a rime drake!
The rime drake breathes ice at you. The icy flash freeze hits you!
You feel a painful chill!
You die...

.. )..........
#.####.##.......
#...#...........
###..............
##....!...........
####...#...#....#
###..........k.##.#
..............###?##
........@............
.....................
[....................
...............###...
............##.... .#
........###........ #
........# #......##
......... .......#
......... ......##


You could see a rime drake (catching breath).

Vanquished Creatures
  2 shadows
  A wyvern (D:8)
  3 yaks (D:8)
  A steam dragon (D:7)
  A water moccasin (D:6)
  An ice beast (D:6)
  An orc warrior (D:7)
  2 centaurs (D:7)
  4 phantoms
  The ghost of Leeroy the Sneak, an amateur VSWr (D:3)
  2 bullfrogs
  A scorpion (D:5)
  2 wights (D:7)
  3 killer bees (D:8)
  4 jellies
  2 orc priests
  Crazy Yiuf (D:5)
  A gnoll bouda (D:6)
  2 hounds (D:6)
  6 iguanas
  4 orc wizards
  12 adders
  6 gnolls (D:3)
  2 river rats (Sewer)
  3 shadow imps
  2 white imps (D:6)
  2 ufetubi
  2 worms
  5 dart slugs
  22 orcs
  19 ball pythons
  9 bats
  17 endoplasms
  4 giant cockroaches
  15 goblins
  8 hobgoblins
  6 kobolds
  3 quokkas
  7 frilled lizards
  13 rats
  A spectral orc (D:4)
203 creatures vanquished.

Vanquished Creatures (others)
  An orc wizard (D:6)
  2 fungi (D:5)
  6 plants (D:3)
9 creatures vanquished.

Grand Total: 212 creatures vanquished

Notes
Turn   | Place    | Note
-------+----------+-------------------------------------------
     0 | D:1      | PriceMaster the Octopode Transmuter began the quest for the
                  | Orb.
     0 | D:1      | Reached XP level 1. HP: 13/13 MP: 3/3
   185 | D:1      | Reached XP level 2. HP: 18/18 MP: 1/5
   495 | D:1      | Reached XP level 3. HP: 23/23 MP: 4/6
   807 | D:1      | Reached skill level 1 in Stealth
  1245 | D:2      | Reached XP level 4. HP: 28/28 MP: 5/7
  1762 | D:2      | Identified the +6 hand axe "Ecouss" {flame, rN+++ Will-
                  | Str+3 Int+3 Dex+2}
  1921 | D:2      | Learned a level 2 spell: Wereblood
  2497 | D:3      | Reached skill level 1 in Short Blades
  2505 | D:3      | Noticed a phantom
  2544 | D:3      | Killed a phantom
  2545 | D:3      | Reached XP level 5. HP: 33/33 MP: 3/10
  2684 | D:3      | Found a transporter.
  2706 | D:3      | Noticed Leeroy's ghost (amateur VSWr)
  2735 | D:3      | Found a transporter.
  3425 | D:3      | Gained mutation: You are vulnerable to cold. (rC-) [potion
                  | of mutation]
  3425 | D:3      | Gained mutation: Your muscles are strong. (Str +4, Int/Dex
                  | -1) [potion of mutation]
  3439 | D:3      | Killed Leeroy's ghost
  3440 | D:3      | Reached XP level 6. HP: 39/39 MP: 7/11
  3890 | D:4      | Found a broken altar of Ashenzari.
  4004 | D:4      | Found a staircase to the Ecumenical Temple.
  4027 | Temple   | Entered the Ecumenical Temple
  4027 | Temple   | Found a transporter.
  4027 | Temple   | Found a transporter.
  4029 | Temple   | Found a transporter.
  4029 | Temple   | Found a transporter.
  4315 | Temple   | Became a worshipper of Uskayaw the Reveller
  4407 | D:4      | Reached * piety under Uskayaw
  4409 | D:4      | Reached ** piety under Uskayaw
  4410 | D:4      | Reached XP level 7. HP: 44/44 MP: 8/13
  4537 | D:4      | Reached skill level 1 in Polearms
  4673 | D:4      | Reached *** piety under Uskayaw
  4695 | D:4      | Found a basalt altar of Yredelemnul.
  4979 | D:5      | Entered Level 5 of the Dungeon
  5279 | D:5      | Found a runed translucent door.
  5280 | D:5      | Noticed Crazy Yiuf
  5343 | D:5      | Killed Crazy Yiuf
  6678 | D:6      | Reached **** piety under Uskayaw
  6679 | D:6      | Reached XP level 8. HP: 47/50 MP: 11/15
  6706 | D:6      | Reached skill level 5 in Transmutations
  6854 | D:6      | Found a sacrificial altar of Ru.
  6915 | D:6      | Reached skill level 5 in Spellcasting
  7142 | D:6      | Found Qekk's Weapon Boutique.
  7146 | D:6      | Noticed a shadow
  7154 | D:6      | Killed a shadow
  7155 | D:6      | Reached skill level 5 in Stealth
  7349 | D:6      | Found a glowing drain.
  7353 | Sewer    | Entered a sewer
  7484 | Sewer    | Reached ***** piety under Uskayaw
  7581 | Sewer    | Found a viscous altar of Jiyva.
  7677 | Sewer    | Learned a level 2 spell: Passwall
  7681 | Sewer    | Learned a level 3 spell: Spider Form
  7712 | D:6      | Identified the +1 war axe of Qazlal's Approval {distort,
                  | +Blink Int+3 Dex+2}
  7797 | D:6      | Found a shadowy altar of Dithmenos.
  7893 | D:6      | Reached XP level 9. HP: 55/55 MP: 13/17
  7898 | D:6      | Reached skill level 1 in Axes
  8922 | D:7      | Found a glowing silver altar of Zin.
  8922 | D:7      | Found a hazy altar of Hepliaklqana.
  8923 | D:7      | Found a snail-covered altar of Cheibriados.
  9586 | D:8      | Lost mutation: Your muscles are strong. (Str +4, Int/Dex
                  | -1) [potion of mutation]
  9586 | D:8      | Lost mutation: You are vulnerable to cold. (rC-) [potion of
                  | mutation]
  9586 | D:8      | Gained mutation: You are partially covered in iridescent
                  | scales. (AC +2) [potion of mutation]
  9586 | D:8      | Gained mutation: One of your tentacles bears a spike.
                  | [potion of mutation]
  9587 | D:8      | Lost mutation: One of your tentacles bears a spike. [potion
                  | of mutation]
  9587 | D:8      | Lost mutation: You are partially covered in iridescent
                  | scales. (AC +2) [potion of mutation]
  9587 | D:8      | Gained mutation: You are resistant to electric shocks.
                  | (rElec) [potion of mutation]
  9587 | D:8      | Gained mutation: You are frail. (-10% HP) [potion of
                  | mutation]
  9587 | D:8      | Gained mutation: You possess an exceptional clarity of
                  | mind. [potion of mutation]
  9588 | D:8      | Lost mutation: You possess an exceptional clarity of mind.
                  | [potion of mutation]
  9588 | D:8      | Lost mutation: You are resistant to electric shocks.
                  | (rElec) [potion of mutation]
  9588 | D:8      | Lost mutation: You are frail. (-10% HP) [potion of
                  | mutation]
  9588 | D:8      | Gained mutation: You are vulnerable to cold. (rC-) [potion
                  | of mutation]
  9777 | D:8      | Reached skill level 1 in Poison Magic
  9779 | D:8      | Reached XP level 10. HP: 27/63 MP: 3/19
 10021 | D:8      | You fall into a shaft and drop 2 floors!
 10021 | D:10     | Entered Level 10 of the Dungeon
 10045 | D:10     | HP: 2/63 [troll (9)]
 10050 | D:10     | Killed from afar by a rime drake

Illustrated notes

Levels and vault maps discovered:
D:1:      dpeg_arrival_subterranean_lakeside_camping, layout_rooms
D:2:      layout_basic, minmay_misc_feat_diagonals, nrook_mini_vaults
D:3:      minmay_thinvault, layout_basic, gammafunk_ghost_gnarly_gnolls,
          serial_rivers, chequers_serial_rivers_micro_c,
          chequers_serial_rivers_micro_c, chequers_serial_rivers_large_b,
          chequers_serial_rivers_micro_c, chequers_serial_rivers_micro_d,
          chequers_serial_rivers_marsh
D:4:      layout_cave_pools, yredelemnul_forgotten_temple_becter,
          nicolae_ashenzari_panopticon, minmay_temple_entry_proselytizer
D:5:      layout_cave_pools, uniq_crazy_yiuf_cottage
D:6:      layout_rooms, kennysheep_mini, lemuel_crystal_altar,
          gup_sewer_entry_bowl, serial_shops, nicolae_shop_trees,
          dk_noncrumbling_3, minmay_quadrilaterals
D:7:      layout_basic, gammafunk_temple_overflow_claw, minmay_misc_feat_columns
D:8:      layout_loops_ring
D:10:     layout_rooms, david_lair_generic, evilmike_butchery, uniq_harold
Temple:   hellmonk_temple_divided_pantheon

Skill      XL: |  1  2  3  4  5  6  7  8  9 10 |
---------------+-------------------------------+-----
Stealth        | 1 2 3 5 6 |  6.4
Spellcasting   | 3 4 5 6 |  6.4
Short Blades   | 1 2 |  2.2
Transmutations | 3 4 5 6 |  6.5
Fighting       | 2 4 |  4.1
Polearms       | 2 4 |  4.5
Dodging        | 3 |  3.9
Axes           | 4 |  4.4
Poison Magic   | 1 |  1.4
Unarmed Combat | 4 |  4.0

Action                     |  1- 3 |  4- 6 |  7- 9 | 10-12 || total
---------------------------+-------+-------+-------+-------++-------
  Melee: Unarmed           |    14 |       |    40 |       ||    54
         Constrict         |    20 |    25 |    36 |       ||    81
         Kick              |    12 |    24 |    37 |     1 ||    74
         Short sword       |    55 |   125 |       |       ||   180
         Tentacles         |    12 |    12 |    33 |     2 ||    59
         Punch             |       |     4 |     5 |       ||     9
         Spear             |       |    23 |   157 |       ||   180
         War axe           |       |       |    47 |     6 ||    53
   Cast: Beastly Appendage |    32 |    34 |    36 |     2 ||   104
         Wereblood         |       |    34 |    43 |     2 ||    79
         Spider Form       |       |       |    10 |       ||    10
 Invoke: Stomp             |       |       |     2 |     1 ||     3
Ability: Evoke Blink       |       |       |     1 |       ||     1
  Evoke: Wand              |       |       |       |     4 ||     4
    Use: Scroll            |       |    18 |     7 |     1 ||    26
         Potion            |       |     9 |    14 |       ||    23
   Stab: Sleeping          |     5 |     5 |    13 |       ||    23
         Paralysed         |       |       |     7 |       ||     7
         Invisible         |       |       |     4 |       ||     4
 Armour: Skin              |     9 |    62 |    14 |     1 ||    86
  Dodge: Dodged            |    56 |    72 |   130 |     9 ||   267

Table legend: (Time is in decaauts)
 A = Elapsed time spent in this place.
 B = Non-inter-level travel time spent in this place.
 C = Inter-level travel time spent in this place.
 D = Time resting spent in this place.
 E = Time spent auto-exploring this place.
 F = Levels seen in this place.
 G = Mean time per level.
                   A        B        C        D        E       F      G
               +--------+--------+--------+--------+--------+-----+--------+
         Total |  10335 |   8995 |   1340 |   1691 |   4880 |  11 |  939.5 |
       Dungeon |   9614 |   8276 |   1338 |   1420 |   4756 |   9 | 1068.2 |
        Temple |    346 |    345 |      1 |    200 |      0 |   1 |  346.0 |
         Sewer |    374 |    374 |      0 |     71 |    124 |   1 |  374.0 |
               +--------+--------+--------+--------+--------+-----+--------+

Top non-repeatable levels by time:
     D:3: 2301 daAuts
     D:2: 1491 daAuts
     D:7: 1185 daAuts
     D:4: 1087 daAuts
     D:6: 1017 daAuts
     D:1: 954 daAuts
     D:8: 795 daAuts
     D:5: 751 daAuts
   Sewer: 374 daAuts
  Temple: 346 daAuts
    D:10: 29 daAuts
